 Dungeon Crawl Stone Soup version 0.30-a0-56-ge6a4009bfd (webtiles) character file.

Game seed: 13123404300064359839

175 ytrimaz the Chopper (level 5, 18/42 HPs)
             Began as a Demonspawn Gladiator on Sept 11, 2022.
             Quit the game on level 3 of the Dungeon.
             The game lasted 00:03:38 (2442 turns).

ytrimaz the Chopper (Demonspawn Gladiator)          Turns: 2442, Time: 00:03:38

Health: 18/42      AC:  4    Str: 17    XL:     5   Next: 29%
Magic:  5/5        EV: 12    Int:  9    God:
Gold:   15         SH:  0    Dex: 14    Spells: 4/4 levels left

rFire   . . .      SeeInvis .    a - +0 war axe
rCold   . . .      Faith    .    (no shield)
rNeg    . . .      Spirit   .    b - +0 leather armour
rPois   .          Reflect  .    c - +0 helmet
rElec   .          Harm     .    (no cloak)
rCorr   .          Rampage  .    (no gloves)
Will    .....                    (no boots)
Stlth   +.........               g - amulet of magic regeneration
HPRegen 0.14/turn                (no ring)
MPRegen 0.49/turn                (no ring)

@: no status effects
A: hooves 1, demonic touch 1
a: no special abilities


You were on level 3 of the Dungeon.
You visited 1 branch of the dungeon, and saw 3 of its levels.

You collected 15 gold pieces.


Innate Abilities, Weirdness & Mutations

You have large cloven feet.
Your touch may inflict minor irresistible damage on your foes.


   Skills:
 + Level 4.1 Fighting
 + Level 4.3 Axes
 - Level 1.7 Throwing
 - Level 2.6 Dodging


You had 4 spell levels left.
You didn't know any spells.
Your spell library contained the following spells:

 Spells                   Type           Power      Damage    Failure   Level
 Gell's Gravitas          Tloc           0%         N/A       83%         3
 Lesser Beckoning         Tloc           0%         N/A       83%         3
 Teleport Other           Tloc           0%         N/A       83%         3

Inventory:

Hand Weapons
 a - a +0 war axe (weapon)
Missiles
 d - 3 throwing nets (quivered)
 e - a javelin
Armour
 b - a +0 leather armour (worn)
 c - a +0 helmet (worn)
Jewellery
 g - an amulet of magic regeneration (around neck)
   (You found it on level 1 of the Dungeon)
Scrolls
 i - 2 scrolls of teleportation
Potions
 j - a potion of brilliance {unknown}

Dungeon Overview and Level Annotations

Branches:
Dungeon (3/15) Zot: 15483

Altars:

#######
#######.....#
#.....<...#
#.#####@#.#
#.# #.# #.#
#.# #.. #..
#r#


You could see a rat (wandering).


Message History

An adder comes into view.
The adder hisses angrily.
An adder is nearby!
You miss the adder.
You touch the adder!
The adder bites you.
The adder bites you but does no damage. 😕 HP[-2]
You take 2 damage, and now have 33/35 hp.
You barely miss the adder. Your kick misses the adder.
You touch the adder.
You kill the adder!
You see here an adder corpse.
You see here 6 stones.
Key pressed, stopping explore.
Unknown command. 😎 HP[+2]
Your hp is fully restored (35).
Found a stone staircase leading down.
An endoplasm and a bat come into view.
There are monsters nearby!
The endoplasm quivers.
The bat hits you but does no damage. The bat hits you.
There is a stone staircase leading down here. 😕 HP[-1]
You take 1 damage, and now have 34/35 hp.
You miss the bat. You kick the bat.
You touch the bat.
You kill the bat! 😎 HP[+1]
Your hp is fully restored (35).
The endoplasm hits you. 😕 HP[-3]
You take 3 damage, and now have 32/35 hp.
You hit the endoplasm. You kick the endoplasm.
You kill the endoplasm!
No target in view!
Unknown command.
A ball python comes into view. 😎 HP[+3]
Your hp is fully restored (35).
A ball python is nearby!
A ball python is nearby!
The ball python hisses angrily.
You hit the ball python. The ball python closely misses you.
The ball python barely misses you.
You closely miss the ball python. Your kick misses the ball python.
Your touch misses the ball python. The ball python barely misses you.
The ball python grabs you. The ball python constricts you.
The ball python barely misses you. The ball python constricts you.
You closely miss the ball python. The ball python closely misses you.
The ball python constricts you.
Unknown command.
You slash the ball python!
You kill the ball python!
Key pressed, stopping explore.
Key pressed, stopping explore.
Unknown command.
You see here a +0 robe.
Key pressed, stopping explore.
Done exploring.
Done exploring.
Done exploring.
There is a stone staircase leading down here.
You climb downwards.
The ogre shouts!
There is a stone staircase leading up here.
Unknown command.
An ogre is nearby!
An ogre is nearby!
You barely miss the ogre. You kick the ogre, but do no damage.
Your touch misses the ogre. The ogre closely misses you.
You closely miss the ogre. You kick the ogre.
The ogre hits you with a +0 giant club. 😕 HP[-6]
You take 6 damage, and now have 29/35 hp.
You barely miss the ogre.
You touch the ogre!
You slash the ogre!
The ogre hits you with a +0 giant club!!
Ouch! That really hurt!
* * * LOW HITPOINT WARNING * * *
😨 HP[-17]
You take 17 damage, and now have 12/35 hp.
MASSIVE DAMAGE!! (PAUSE)
You slash the ogre!
You kill the ogre!
Your Fighting skill increases to level 4!
Your Axes skill increases to level 4!
You have reached level 5! 😨 HP[+2] MP[+1]
You now have 42 max hp (+7).
You regained 2 hp, and now have 14/42 hp.
Your mp is fully restored (5).
Things that are here:
a +0 giant club; an ogre corpse
Okay, then.
Sorry, you're not good enough to have a special ability.
A rat comes into view. 😨 HP[+4]
You regained 4 hp, and now have 18/42 hp.
A rat is nearby!
A rat is nearby!
Are you sure you want to abandon this character and quit the game? (Confirm with "yes".)

Skill      XL: |  1  2  3  4 |
---------------+-------------+-----
Axes           | 3 4 |  4.3
Fighting       | 3 4 |  4.1
Throwing       | |  1.7
Dodging        | |  2.6

Action                   |  1- 3 |  4- 6 || total
-------------------------+-------+-------++-------
Melee: War axe           |   103 |    23 ||   126
       Kick              |    14 |     5 ||    19
       Touch             |       |     4 ||     4
Throw: Throwing net      |     1 |       ||     1
  Use: Scroll            |     2 |     3 ||     5
 Stab: Sleeping          |     1 |     1 ||     2
Armor: Leather armour    |    41 |    10 ||    51
Dodge: Dodged            |    87 |    18 ||   105

Levels and vault maps discovered:
D:1:      matt_arrival_los_fun, layout_basic,
          hellmonk_ecumenical_altar_heavens_door, serial_bayou_lake_a
D:2:      layout_loops_ring
D:3:      minmay_wonky_spiral, layout_loops_ring, serial_shops, shop,
          uniq_jessica

Notes
Turn   | Place    | Note
-------+----------+-------------------------------------------
     0 | D:1      | ytrimaz the Demonspawn Gladiator began the quest for the
                  | Orb.
     0 | D:1      | Reached XP level 1. HP: 16/16 MP: 1/1
     0 | D:1      | magus.rc [v1.9.6]
   111 | D:1      | Reached skill level 3 in Axes
   111 | D:1      | You feel monstrous as your demonic heritage exerts itself.
   111 | D:1      | Discovered your monstrous ancestry.
   111 | D:1      | Gained mutation: You have large cloven feet. [demonic
                  | ancestry]
   111 | D:1      | Reached XP level 2. HP: 11/23 MP: 2/2
   115 | D:1      | HP: 5/23 [ball python (2)]
  1036 | D:1      | You pick up a book of Displacement and begin reading...
  1036 | D:1      | You add the spells Lesser Beckoning, Gell's Gravitas and
                  | Teleport Other to your library.
  1075 | D:1      | Reached XP level 3. HP: 27/28 MP: 3/3
  1292 | D:1      | Found a faded altar of an unknown god.
  1449 | D:2      | magus.rc [v1.9.6]
  1483 | D:2      | Reached skill level 3 in Fighting
  1795 | D:2      | Gained mutation: Your touch may inflict minor irresistible
                  | damage on your foes. [demonic ancestry]
  1795 | D:2      | Reached XP level 4. HP: 21/35 MP: 4/4
  2405 | D:3      | Noticed an ogre
  2410 | D:3      | Killed an ogre
  2411 | D:3      | Reached skill level 4 in Fighting
  2411 | D:3      | Reached skill level 4 in Axes
  2411 | D:3      | Reached XP level 5. HP: 14/42 MP: 5/5
  2442 | D:3      | Quit the game

Vanquished Creatures
  An ogre (D:3)
  4 adders (D:2)
  2 dart slugs
  5 ball pythons
  6 endoplasms
  2 giant cockroaches
  A hobgoblin (D:1)
  6 jackals (D:1)
  A quokka (D:1)
  4 bats
  5 frilled lizards
  3 goblins
  6 kobolds
  5 rats
51 creatures vanquished.

Vanquished Creatures (others)
  5 plants (D:1)
5 creatures vanquished.

Grand Total: 56 creatures vanquished

Table legend:
 A = Non-vault XP
 B = Vault XP
 C = Vault XP percentage of total XP
 D = Non-vault monster count
 E = Vault monster count
 F = Vault count percentage of total count
                 A         B        C        D         E       F
            +---------+---------+-------+---------+---------+-------
      Total |     250 |       0 |   0.0 |      51 |       0 |   0.0
            +---------+---------+-------+---------+---------+-------
        D:1 |      45 |       0 |   0.0 |      28 |       0 |   0.0
        D:2 |      84 |       0 |   0.0 |      22 |       0 |   0.0
        D:3 |     121 |       0 |   0.0 |       1 |       0 |   0.0
            +---------+---------+-------+---------+---------+-------

Illustrated notes

Table legend:
 A = Kills in this place as a percentage of kills in entire the game.
 B = Kills by you in this place as a percentage of kills by you in the entire game.
 C = Kills by friends in this place as a percentage of kills by friends in the entire game.
 D = Other kills in this place as a percentage of other kills in the entire game.
 E = Experience gained in this place as a percentage of experience gained in the entire game.
 F = Experience gained in this place divided by the number of levels of this place that you have seen.
                   A       B       C       D       E      F
               +-------+-------+-------+-------+-------+----------------------
         Total | 100.0 | 100.0 |   N/A |   N/A | 100.0 |  83.3
       Dungeon | 100.0 | 100.0 |   N/A |   N/A | 100.0 |  83.3
               +-------+-------+-------+-------+-------+----------------------

Table legend: (Time is in decaauts)
 A = Elapsed time spent in this place.
 B = Non-inter-level travel time spent in this place.
 C = Inter-level travel time spent in this place.
 D = Time resting spent in this place.
 E = Time spent auto-exploring this place.
 F = Levels seen in this place.
 G = Mean time per level.
                   A        B        C        D        E       F      G
               +--------+--------+--------+--------+--------+-----+--------+
         Total |   2516 |   2477 |     39 |      0 |   2085 |   3 |  838.7 |
       Dungeon |   2516 |   2477 |     39 |      0 |   2085 |   3 |  838.7 |
               +--------+--------+--------+--------+--------+-----+--------+

Top non-repeatable levels by time:
     D:1: 1425 daAuts
     D:2: 1052 daAuts
     D:3: 38 daAuts
